 Dungeon Crawl Stone Soup version 0.29.1-12-g30fa7ad0bf (webtiles) character file.

Game seed: 14535414542500994546

493 Edgeworth the Cudgeller (level 7, -12/44 HPs)
             Began as a Gargoyle Fighter on Dec 25, 2022.
             Was an Initiate of Okawaru.
             Mangled by an ogre
             ... wielding a +0 giant club
              (28 damage)
             ... on level 5 of the Dungeon.
             The game lasted 00:07:13 (3576 turns).

Edgeworth the Cudgeller (Gargoyle Fighter)          Turns: 3576, Time: 00:07:14

Health: -12/44     AC: 16    Str: 22    XL:     7   Next: 15%
Magic:  7/7        EV:  7    Int:  8    God:    Okawaru [......]
Gold:   178        SH:  5    Dex: 15    Spells: 6/6 levels left

rFire   . . .      SeeInvis .   a - +0 flail
rCold   . . .      Faith    .   c - +0 buckler
rNeg    + + +      Spirit   .   t - +2 chain mail of Unambiguity {rN++ Regen+ Dex+6}
rPois   ∞          Reflect  .   (no helmet)
rElec   +          Harm     .   (no cloak)
rCorr   .          Rampage  .   (no gloves)
Will    .....                   (no boots)
Stlth   ..........              (no amulet)
HPRegen 0.94/turn               (no ring)
MPRegen 0.10/turn               (no ring)

@: no status effects
A: sickness immunity, AC +4, negative energy resistance 1, electricity
resistance, torment resistance 1, petrification resistance
a: Renounce Religion


You were on level 5 of the Dungeon.
You worshipped Okawaru.
Okawaru was noncommittal.
You visited 2 branches of the dungeon, and saw 6 of its levels.

You collected 178 gold pieces.

Inventory:

Hand Weapons
 a - a +0 flail (weapon)
Armour
 b - a +0 scale mail
 c - a +0 buckler (worn)
 q - a +2 robe of the Archmagi
 t - the +2 chain mail of Unambiguity (worn) {rN++ Regen+ Dex+6}
   (You found it on level 3 of the Dungeon)

   Dex:       It affects your dexterity (+6).
   rN:        It greatly protects you from negative energy.
   Regen:     It increases your rate of health regeneration.
Magical Staves
 e - a staff of poison
Jewellery
 r - a ring of poison resistance
Scrolls
 f - a scroll of noise {unknown}
 g - 3 scrolls of fear {unknown}
 h - a scroll of brand weapon {unknown}
 j - 5 scrolls of identify {unknown}
 l - a scroll of enchant armour {unknown}
 m - a scroll of immolation {unknown}
 o - a scroll of teleportation {unknown}
Potions
 d - 3 potions of might
 i - 5 potions of curing {unknown}
 k - a potion of magic {unknown}
 n - a potion of brilliance {unknown}
 p - a potion of resistance {unknown}
 s - 2 potions of cancellation {unknown}
 u - a potion of invisibility {unknown}


   Skills:
 + Level 4.7 Fighting
 + Level 5.2 Maces & Flails
 + Level 5.0 Armour
 - Level 0.3 Dodging
 - Level 0.3 Stealth
 + Level 4.2 Shields


You had 6 spell levels left.
You didn't know any spells.
Your spell library contained the following spells:

 Spells                   Type           Power      Damage    Failure   Level
 Iskenderun's Battlesphe  Conj           0%         2d6       100%        5
 Iron Shot                Conj/Erth      0%         9d1       100%        6
 Spellforged Servitor     Conj/Summ      Unusable   N/A       N/A         7

Dungeon Overview and Level Annotations

Branches:
Dungeon (6/15)             Temple (1/1) D:6

Altars:
Dithmenos
Gozag
Nemelex Xobeh
Okawaru
Qazlal
Vehumet
Xom
Zin

Shops:
D:2 (


Innate Abilities, Weirdness & Mutations

You are immune to sickness and miasma.
Your stone body is resilient. (AC +4)
You are immune to poison.
You resist negative energy. (rN+)
You are resistant to electric shocks. (rElec)
You are resistant to unholy torment.
You are immune to petrification.


Message History

The hound bites you but does no damage.
You see here 12 gold pieces.
You now have 178 gold pieces (gained 12).
The hound bites you but does no damage.
You hit the hound.
The hound is moderately wounded.
The hound barely misses you. The hound bites you but does no damage.
You hit the hound.
The hound is severely wounded.
You block the hound's attack. The hound bites you but does no damage.
You sock the hound!
You kill the hound!
Okawaru accepts your kill. The ogre hits you with a +0 giant club!
Your Armour skill increases to level 5!
You see here a hound corpse.
You start resting.
An ogre is nearby!
You sock the ogre!
The ogre is moderately wounded.
The ogre barely misses you.
You hit the ogre.
The ogre is heavily wounded.
The ogre hits you with a +0 giant club!
You completely miss the ogre.
The ogre is heavily wounded.
You block the ogre's attack.
You hit the ogre.
The ogre is heavily wounded.
You sock the ogre!
The ogre is almost dead.
The ogre closely misses you.
You closely miss the ogre.
The ogre is almost dead.
The ogre hits you with a +0 giant club!
You hit the ogre.
The ogre is almost dead.
The ogre hits you with a +0 giant club!!
Ouch! That really hurt!
You die...

# )# #. ..# .. ...#
#... ###.##### #..
.... .# #.......#...
.## .#
#.######O.#.##...
.####.#
#......@.........
.#....#
#########.#.##.#
.#....###### #.# #
.#.........#######.#
.#....####.##......#
.#)...# #.##.######
.#....####......##
..)..................
.#########.##.#######


You could see an ogre.

Vanquished Creatures
  2 ogres (D:3)
  A scorpion (D:5)
  A hound (D:5)
  A gnoll bouda (D:6)
  An orc priest (D:6)
  Jessica (D:2)
  3 gnolls (D:6)
  7 adders
  3 worms (D:2)
  A dart slug (D:2)
  5 orcs (D:5)
  6 ball pythons
  A giant cockroach (D:3)
  3 goblins
  2 hobgoblins (D:1)
  4 jackals (D:2)
  2 quokkas (D:2)
  6 bats
  8 frilled lizards
  6 kobolds
  7 rats
71 creatures vanquished.

Notes
Turn   | Place    | Note
-------+----------+-------------------------------------------
     0 | D:1      | Edgeworth the Gargoyle Fighter began the quest for the Orb.
     0 | D:1      | Reached XP level 1. HP: 14/14 MP: 1/1
   222 | D:1      | Reached XP level 2. HP: 19/19 MP: 2/2
   241 | D:1      | Found a faded altar of an unknown god.
  1056 | D:2      | Reached XP level 3. HP: 16/24 MP: 3/3
  1558 | D:2      | Found Qoal's Weapon Shop.
  1693 | D:2      | Reached XP level 4. HP: 29/29 MP: 4/4
  1772 | D:2      | Noticed Jessica
  1791 | D:2      | Killed Jessica
  3044 | D:3      | Identified the +2 chain mail of Unambiguity {rN++ Regen+
                  | Dex+6}
  3118 | D:3      | Noticed an ogre
  3127 | D:3      | Killed an ogre
  3128 | D:3      | Reached XP level 5. HP: 19/33 MP: 5/5
  3195 | D:3      | Noticed an ogre
  3210 | D:3      | Killed an ogre
  3211 | D:3      | Reached XP level 6. HP: 39/39 MP: 6/6
  3346 | D:3      | You fall into a shaft and drop 3 floors!
  3386 | D:6      | Found a staircase to the Ecumenical Temple.
  3396 | Temple   | Entered the Ecumenical Temple
  3403 | Temple   | Became a worshipper of Warmaster Okawaru
  3451 | D:5      | Entered Level 5 of the Dungeon
  3561 | D:5      | Reached skill level 5 in Maces & Flails
  3561 | D:5      | Reached XP level 7. HP: 43/44 MP: 7/7
  3568 | D:5      | Reached skill level 5 in Armour
  3576 | D:5      | Mangled by an ogre

Illustrated notes

Levels and vault maps discovered:
D:1:      saegor_arrival_miasma, layout_basic, chequers_ecumenical_altar_simple,
          minmay_door_square, chequers_serial_rivers_small_a,
          minmay_pentomino_p4
D:2:      mumra_celtic_spiral_tile, layout_basic, serial_shops,
          nicolae_shop_bloodbath_and_beyond, uniq_jessica
D:3:      layout_loops_cross
D:5:      layout_basic, minivault_27, minmay_misc_feat_ornament
D:6:      layout_basic, minmay_temple_entry_proselytizer
Temple:   compressed_dpeg_triangle_lava_temple

Skill      XL: |  1  2  3  4  5  6  7 |
---------------+----------------------+-----
Fighting       | 4 |  4.7
Maces & Flails | 3 4 5 |  5.2
Armour         | 4 5 |  5.0
Shields        | 4 |  4.2
Dodging        | |  0.3
Stealth        | |  0.3

Action                   |  1- 3 |  4- 6 |  7- 9 || total
-------------------------+-------+-------+-------++-------
Melee: Flail             |   102 |   148 |    10 ||   260
Armor: Scale mail        |    54 |    44 |       ||    98
       Chain mail        |       |    55 |     4 ||    59
Dodge: Dodged            |    54 |    55 |     3 ||   112
Block: Buckler           |    14 |    42 |     2 ||    58
